 Dungeon Crawl Stone Soup version 0.31-a0-210-gccc998df9b (webtiles) character file.

Game seed: 12329748099972245070

214 qw the Chopper (level 5, -6/33 HPs)
             Began as a Gargoyle Fighter on June 30, 2023.
             Killed by divine providence
             ... invoked by an orc priest
              (10 damage)
             ... on level 3 of the Dungeon.
             The game lasted 00:00:50 (1735 turns).

qw the Chopper (Gargoyle Fighter)                   Turns: 1735, Time: 00:00:50

Health: -6/33      AC: 10    Str: 21    XL:     5   Next: 91%
Magic:  5/5        EV: 14    Int:  9    God:
Gold:   108        SH:  4    Dex:  9    Spells: 4/4 levels left

rFire   . . .        Y - +1 war axe
rCold   . . .        c - +0 buckler
rNeg    + . .        b - +0 scale mail
rPois   inf          (no helmet)
rElec   +            (no cloak)
rCorr   .            (no gloves)
SInv    .            (no boots)
Will    .....        (no amulet) Stlth
                     o - +5 ring of evasion
HPRegen 0.25/turn    (no ring)
MPRegen 0.09/turn

%: no passive effects
@: about to teleport
A: sickness immunity, AC +4, negative energy resistance 1, electricity
resistance, torment resistance 1, petrification resistance
a: no special abilities


You were on level 3 of the Dungeon.
You visited 1 branch of the dungeon, and saw 3 of its levels.

You collected 108 gold pieces.


Innate Abilities, Weirdness & Mutations

You are immune to sickness and miasma.
Your stone body is resilient. (AC +4)
You are immune to poison.
You resist negative energy. (rN+)
You are resistant to electric shocks. (rElec)
You are resistant to unholy torment.
You are immune to petrification.


   Skills:
 - Level 4.1 Fighting
 - Level 5.0 Axes
 - Level 3.2 Armour
 + Level 0.0 Dodging
 - Level 3.2 Shields


You had 4 spell levels left.
You didn't know any spells.
Your spell library was empty.

Inventory:

Hand Weapons
 l - the +2 hand axe of Kindness {flame, *Noise Int+6 Stlth+}
   (You found it on level 2 of the Dungeon)

   Int:       It affects your intelligence (+6).
   *Noise:    It may make noises in combat.
   Stlth:     It makes you more stealthy.
 Y - a +1 war axe (weapon)
Missiles
 k - 4 boomerangs (quivered)
Armour
 b - a +0 scale mail (worn)
 c - a +0 buckler (worn)
Jewellery
 o - a +5 ring of evasion (left hand)
Scrolls
 i - 2 scrolls of identify
Potions
 a - a potion of curing
 d - 3 potions of might
 e - a potion of cancellation
 f - a potion of enlightenment {unknown}
 h - 2 potions of degeneration {unknown}
 n - a potion of heal wounds

Dungeon Overview and Level Annotations

Branches:
Dungeon (3/15)

Altars:
Hepliaklqana

Shops:
D:1 *


Message History

Enter note:
Enter note:
Enter note: You slash the orc priest!
The orc priest is heavily wounded.
The orc priest invokes the aid of Beogh against you.
Pain shoots through your body!
A dart slug comes into view.
The orc priest hits you but does no damage.
You hit the orc priest.
The orc priest is heavily wounded.
The orc priest closely misses you.
You barely miss the orc priest.
The orc priest is heavily wounded.
The orc priest barely misses you.
You hit the orc priest.
The orc priest is severely wounded.
The orc priest mumbles some strange prayers to Beogh against you.
Beogh smites you!
You barely miss the orc priest.
The orc priest is severely wounded.
The orc priest hits you but does no damage.
The orc priest hits you with a +0 mace.
You closely miss the orc priest.
The orc priest is severely wounded.
The orc priest barely misses you.
You closely miss the orc priest.
The orc priest is severely wounded.
The orc priest hits you but does no damage.
You barely miss the orc priest.
The orc priest is severely wounded.
The orc priest invokes the aid of Beogh against you.
Beogh smites you!
The orc priest hits you but does no damage.
1735 ||| READING scroll of teleportation.
As you read the scroll of teleportation, it crumbles to dust.
You feel strangely unstable.
The orc priest invokes the aid of Beogh against you.
Beogh smites you!
You die... ... # ... #. ... .##.# ...## .ow

#o# #@# #.# ##########
#.# #........# ##.#
###.######.# ##### ##..#
#...######.#
#...####.#)###.......##.#
#.......###%.#...###.##.#
#...###..#.%.##..# #.##(#
##.## #.))...##..###.##.#


You could see an orc priest, a dart slug and an orc.

Vanquished Creatures
  An orc priest (D:3)
  Natasha (thrice) (D:3)
  An orc wizard (D:3)
  4 adders
  A worm (D:3)
  2 dart slugs (D:2)
  5 orcs (D:3)
  2 endoplasms (D:1)
  A giant cockroach (D:1)
  5 hobgoblins
  5 kobolds
  3 quokkas
  4 ball pythons
  A bat (D:3)
  3 goblins (D:1)
  3 rats
44 creatures vanquished.

Notes
Turn   | Place    | Note
-------+----------+-------------------------------------------
     0 | D:1      | qw the Gargoyle Fighter began the quest for the Orb.
     0 | D:1      | Reached XP level 1. HP: 14/14 MP: 1/1
     0 | D:1      | 0 ||| qw: Version: 0.3-a-26-gee661ec
     0 | D:1      | 0 ||| qw: Game counter: 7291
     0 | D:1      | 0 ||| qw: Melee chars always use a shield: true
     0 | D:1      | 0 ||| qw: God list: Okawaru
     0 | D:1      | 0 ||| qw: Allow faded altars: false
     0 | D:1      | 0 ||| qw: Do Orc after clearing Dungeon:15 true
     0 | D:1      | 0 ||| qw: Do second Lair branch before Depths: true
     0 | D:1      | 0 ||| qw: Lair rune preference: random
     0 | D:1      | 0 ||| qw: Goals: Normal, Zot:1-4, Slime:5, God:TSO, Crypt,
                  | Tomb, Abyss, Pan, Hells, Win
     0 | D:1      | 0 ||| PLANNING D:1-11
    30 | D:1      | Found Xekuor's General Store.
    39 | D:1      | 39 ||| SHOPLISTING +0 cloak (45 gold, have 16).
    39 | D:1      | 39 ||| SHOPLISTING potion of attraction (30 gold, have 16).
    39 | D:1      | 39 ||| SHOPLISTING potion of curing (30 gold, have 16).
    39 | D:1      | 39 ||| SHOPLISTING potion of lignification (30 gold, have
                  | 16).
    59 | D:1      | Reached skill level 2 in Axes
   135 | D:1      | 135 ||| Stepping ~*~*~tactically~*~*~ (stealth).
   142 | D:1      | Reached XP level 2. HP: 19/19 MP: 2/2
   398 | D:1      | You fall into a shaft and drop 1 floor!
   474 | D:2      | 474 ||| READING scroll labelled UHATRERYIL.
   475 | D:2      | 475 ||| READING 3 scrolls labelled UGRUEZ HORI.
   476 | D:2      | 476 ||| READING scroll labelled JIEG KENOGY.
   477 | D:2      | 477 ||| READING scroll labelled TAUDAC YKHUTYPP.
   478 | D:2      | 478 ||| READING 2 scrolls of identify.
   478 | D:2      | 478 ||| IDENTIFYING smoky clear potion
   614 | D:2      | 614 ||| Stepping ~*~*~tactically~*~*~ (hiding).
   616 | D:2      | 616 ||| Stepping ~*~*~tactically~*~*~ (hiding).
   617 | D:2      | 617 ||| Stepping ~*~*~tactically~*~*~ (hiding).
   624 | D:2      | Reached skill level 3 in Axes
   737 | D:2      | Identified the +2 hand axe of Kindness {flame, *Noise Int+6
                  | Stlth+}
   739 | D:2      | 739 ||| DROPPING +0 club.
   810 | D:2      | 810 ||| Stepping ~*~*~tactically~*~*~ (stealth).
   813 | D:2      | Reached XP level 3. HP: 23/23 MP: 3/3
  1049 | D:2      | 1049 ||| UPGRADING to +5 ring of evasion.
  1050 | D:2      | 1050 ||| READING 2 scrolls labelled FOOMUR VIGECKI.
  1054 | D:2      | 1054 ||| READING scroll labelled MYGRUICLUL.
  1055 | D:2      | 1055 ||| READING scroll labelled UCKYHI ENTUTT.
  1056 | D:2      | 1056 ||| READING scroll labelled EWABRECOYBU.
  1057 | D:2      | 1057 ||| DRINKING 2 golden potions.
  1058 | D:2      | 1058 ||| DRINKING 2 glowing emerald potions.
  1096 | D:3      | Noticed Natasha
  1098 | D:3      | 1098 ||| Stepping ~*~*~tactically~*~*~ (hiding).
  1103 | D:3      | Killed Natasha
  1104 | D:3      | Reached skill level 4 in Axes
  1104 | D:3      | Reached XP level 4. HP: 28/28 MP: 4/4
  1259 | D:3      | 1259 ||| Stepping ~*~*~tactically~*~*~ (stealth).
  1394 | D:3      | 1394 ||| Stepping ~*~*~tactically~*~*~ (stealth).
  1396 | D:3      | 1396 ||| Stepping ~*~*~tactically~*~*~ (hiding).
  1402 | D:3      | Reached XP level 5. HP: 32/32 MP: 5/5
  1414 | D:3      | 1414 ||| Stepping ~*~*~tactically~*~*~ (stealth).
  1420 | D:3      | 1420 ||| Stepping ~*~*~tactically~*~*~ (stealth).
  1422 | D:3      | 1422 ||| Stepping ~*~*~tactically~*~*~ (stealth).
  1423 | D:3      | Noticed Natasha
  1428 | D:3      | Killed Natasha
  1438 | D:3      | 1438 ||| Stepping ~*~*~tactically~*~*~ (stealth).
  1451 | D:3      | Reached skill level 5 in Axes
  1539 | D:3      | Noticed Natasha
  1540 | D:3      | 1540 ||| Stepping ~*~*~tactically~*~*~ (hiding).
  1547 | D:3      | Killed Natasha
  1580 | D:3      | Found a hazy altar of Hepliaklqana.
  1734 | D:3      | HP: 4/33 [orc priest/divine providence (11)]
  1735 | D:3      | 1735 ||| READING scroll of teleportation.
  1735 | D:3      | Killed from afar by an orc priest

Levels and vault maps discovered:
D:1:      ncdulo_watergridlock, layout_rooms, serial_shops, shop
D:2:      layout_rooms
D:3:      layout_loops_corners, overflow_temple_1_default,
          mainiacjoe_overflow_alcove_1, minivault_4, chequers_mini_garden,
          amcnicky_mini_rare_corridor_liquid, uniq_natasha

Skill      XL: |  1  2  3  4  5 |
---------------+----------------+-----
Axes           | 2 3 4 5 |  5.0
Fighting       | 4 |  4.1
Armour         | |  3.2
Shields        | |  3.2

Action                     |  1- 3 |  4- 6 || total
---------------------------+-------+-------++-------
  Melee: War axe           |    49 |    53 ||   102
  Throw: Boomerang         |     8 |    14 ||    22
    Use: Scroll            |     9 |     1 ||    10
         Potion            |     2 |       ||     2
 Armour: Scale mail        |    18 |    15 ||    33
  Dodge: Dodged            |    21 |    38 ||    59
  Block: Buckler           |     7 |     5 ||    12

Table legend:
 A = Non-vault XP
 B = Vault XP
 C = Vault XP percentage of total XP
 D = Non-vault monster count
 E = Vault monster count
 F = Vault count percentage of total count
                 A         B        C        D         E       F
            +---------+---------+-------+---------+---------+-------
      Total |     271 |      35 |  11.4 |      43 |       1 |   2.3
            +---------+---------+-------+---------+---------+-------
        D:1 |      27 |       0 |   0.0 |      15 |       0 |   0.0
        D:2 |      25 |       0 |   0.0 |       6 |       0 |   0.0
        D:3 |     219 |      35 |  13.8 |      22 |       1 |   4.3
            +---------+---------+-------+---------+---------+-------
